 Dungeon Crawl Stone Soup version 0.26-a0-812-g31a745ddcd (webtiles) character file.

Game seed: 5621210845460875655

3 marky1606 the Ruffian (level 1, -12/11 HPs)
             Began as a Vine Stalker Chaos Knight on Nov 14, 2020.
             Was a Plaything of Xom.
             Splashed with acid (16 damage)
             ... on level 1 of the Dungeon.
             The game lasted 00:02:07 (295 turns).

marky1606 the Ruffian (Vine Stalker Chaos Knight)    Turns: 295, Time: 00:02:08

Health: -12/11     AC:  1    Str: 14    XL:     1   Next: 50%
Magic:  0/2        EV: 11    Int: 12    God:    Xom [..*...]
Gold:   14         SH:  0    Dex: 13    Spells: 0/0 levels left

rFire    . . .     SeeInvis .     - Unarmed
rCold    . . .     Faith    .   (no shield)
rNeg     . . .     Spirit   +   a - +2 leather armour
rPois    .         Reflect  .   (no helmet)
rElec    .         Harm     .   (no cloak)
rCorr    .         Rampage  .   (no gloves)
MR       .....     Rnd*Tele +   (no boots)
Stlth    +.........             (no amulet)
HPRegen  0.03/turn              (no ring)
MPRegen  0.08/turn              (no ring)

@: corroded, contaminated, glowing
A: fangs 2, inhibited regeneration, teleportitis 1, magic shield, antimagic
bite, no potion heal 3, rot immunity
a: Renounce Religion


You were on level 1 of the Dungeon.
You worshipped Xom.
You were a toy of Xom.
You visited 1 branch of the dungeon, and saw 1 of its levels.

You collected 14 gold pieces.

Inventory:

Armour
 a - a +2 leather armour (worn)
Scrolls
 b - a scroll of blinking {unknown}
Potions
 c - a potion of brilliance {unknown}


   Skills:
 + Level 2.7 Fighting
 * Level 1.6 Armour
 * Level 0.8 Dodging
 + Level 3.0 Unarmed Combat


You couldn't memorise any spells.
You didn't know any spells.
Your spell library was empty.

Dungeon Overview and Level Annotations

Branches:
Dungeon (1/15)

Altars:


Innate Abilities, Weirdness & Mutations

You have extremely sharp teeth.
When hurt, damage is shared between your health and your magic reserves.
Your bite disrupts and absorbs the magic of your enemies.
Potions cannot restore your health.
You are immune to rotting.
You do not regenerate when monsters are visible.
You are occasionally teleported next to monsters.


Message History

You are engulfed in mutagenic fog.
The mutagenic energy flows into you.
You see here a hobgoblin corpse.
You aren't carrying any items that you can evoke.
There's nothing to close nearby.
Really walk into that cloud of mutagenic fog? [Y]es or [N]o only, please.
Really walk into that cloud of mutagenic fog? [Y]es or [N]o only, please.
Really walk into that cloud of mutagenic fog? [Y]es or [N]o only, please.
Really walk into that cloud of mutagenic fog? [Y]es or [N]o only, please.
Really walk into that cloud of mutagenic fog?
Okay, then.
Your body shudders with the violent release of wild energies!
The magical storm engulfs you. The acid corrodes you!
You are splashed with acid!
Ouch! That really hurt!
You die...
Xom is highly amused!

#.# #.#
#.# #.#
#.# #(#
#.#
########†#
#@§§§§§..#
#.########
#.# #.#
#.# #.#
#.# #.#
#.#


There were no monsters in sight!

Vanquished Creatures
  A hobgoblin (D:1)
  2 bats (D:1)
3 creatures vanquished.

Notes
Turn   | Place    | Note
-------+----------+-------------------------------------------
     0 | D:1      | marky1606 the Vine Stalker Chaos Knight began the quest for
                  | the Orb.
     0 | D:1      | Reached XP level 1. HP: 11/11 MP: 2/2
   117 | D:1      | XOM: silly message
   193 | D:1      | XOM: cloud trail
   243 | D:1      | XOM: silly message
   259 | D:1      | Gained mutation: You are occasionally teleported next to
                  | monsters. [mutagenic glow]
   286 | D:1      | Gained mutation: You do not regenerate when monsters are
                  | visible. [mutagenic glow]
   295 | D:1      | Splashed with acid

Illustrated notes

Levels and vault maps discovered:
D:1:      heliophobic_arrival_henge, layout_loops_ring

Action                   || total
-------------------------++-------
Melee: Unarmed           ||    11
       Bite              ||     3
       Punch             ||     1
Armor: Leather armour    ||     8
Dodge: Dodged            ||    10

Table legend: (Time is in decaauts)
 A = Elapsed time spent in this place.
 B = Non-inter-level travel time spent in this place.
 C = Inter-level travel time spent in this place.
 D = Time resting spent in this place.
 E = Time spent auto-exploring this place.
 F = Levels seen in this place.
 G = Mean time per level.
                   A        B        C        D        E       F      G
               +--------+--------+--------+--------+--------+-----+--------+
         Total |    294 |    294 |      0 |    162 |      0 |   1 |  294.0 |
       Dungeon |    294 |    294 |      0 |    162 |      0 |   1 |  294.0 |
               +--------+--------+--------+--------+--------+-----+--------+

Top non-repeatable levels by time:
     D:1: 294 daAuts
